 Dungeon Crawl Stone Soup version 0.21.0-24-g2553a33 (webtiles) character file.

11592 komo4ek the Cleaver (level 11, -5/97 HPs)
             Began as a Minotaur Fighter on Jan 19, 2018.
             Was a High Priest of Cheibriados.
             Slain by Snorg (14 damage)
             ... on level 11 of the Dungeon.
             The game lasted 00:26:03 (9286 turns).

komo4ek the Cleaver (Minotaur Fighter)              Turns: 9286, Time: 00:26:03

Health: -5/97      AC: 15    Str: 43    XL:     11   Next: 51%
Magic:  12/12      EV:  9    Int: 18    God:    Cheibriados [*****.]
Gold:   1092       SH:  0    Dex: 22    Spells: 10/10 levels left

rFire    + . .     SeeInvis .   P - +8 storm bow {elec}
rCold    . . .     Gourm    .   (shield currently unavailable)
rNeg     . . .     Faith    .   E - +0 plate armour
rPois    +         Spirit   .   (helmet restricted)
rElec    .         Reflect  .   I - +0 cloak
rCorr    .         Harm     .   (no gloves)
MR       .....                  (no boots)
Stlth    ..........             (no amulet)
HPRegen  0.26/turn              A - ring of protection from fire
MPRegen  0.13/turn              p - ring of poison resistance

@: mighty, very slow
A: retaliatory headbutt, horns 2
a: Bend Time, Temporal Distortion, Slouch, Step From Time, Renounce Religion


You were on level 11 of the Dungeon.
You worshipped Cheibriados.
Cheibriados was extremely pleased with you.
You were not hungry.

You visited 2 branches of the dungeon, and saw 12 of its levels.
You also visited: Bailey.

You collected 1092 gold pieces.

Inventory:

Hand Weapons
 D - a +2 hand axe of venom
 F - a +0 war axe of flaming
 P - the +8 storm bow (weapon) {elec}
   (You found it in a bailey)

   It charges the ammunition it shoots with electricity; occasionally upon a
   hit, such missiles may discharge and cause terrible harm.
 S - a +0 battleaxe
Missiles
 M - 280 arrows (quivered)
Armour
 c - a +0 shield
 E - a +0 plate armour (worn)
 I - a +0 cloak (worn)
Jewellery
 n - an uncursed ring of see invisible
 p - a ring of poison resistance (right hand)
 y - an uncursed ring of protection from cold
 A - a ring of protection from fire (left hand)
 X - an uncursed ring of protection from cold
 Y - an uncursed amulet of the gourmand {unknown}
Wands
 b - a wand of disintegration (43)
 l - a wand of flame (58)
 C - a wand of paralysis (11)
 G - a wand of polymorph (5)
 K - a wand of scattershot (3)
 T - a wand of iceblast (4)
Scrolls
 a - a scroll of fog {unknown}
 h - 2 scrolls of random uselessness {unknown}
 i - a scroll of magic mapping
 j - 7 scrolls of teleportation
 k - 5 scrolls of identify
 o - 5 scrolls of remove curse
 s - 2 scrolls of amnesia
 v - 3 scrolls of fear
 z - 2 scrolls of noise {unknown}
 B - 3 scrolls of enchant weapon {unknown}
 H - a scroll of vulnerability {unknown}
 O - a scroll of summoning {unknown}
 Q - a scroll of enchant armour {unknown}
 U - a scroll of acquirement {unknown}
 V - a scroll of immolation {unknown}
 W - a scroll of blinking {unknown}
Potions
 d - 2 potions of might
 e - 2 potions of berserk rage
 g - 4 potions of brilliance
 m - 6 potions of curing
 q - 3 potions of agility
 r - a potion of lignification {unknown}
 t - 2 potions of magic
 w - a potion of flight {unknown}
 x - 2 potions of degeneration {unknown}
 J - a potion of invisibility {unknown}
 N - a potion of mutation {unknown}
Books
 L - a book of Power

   Spells                             Type                      Level
   a - Iskenderun's Battlesphere      Conjuration/Charms           5
   b - Venom Bolt                     Conjuration/Poison           5
   c - Bolt of Magma                  Conjuration/Fire/Earth       5
   d - Iron Shot                      Conjuration/Earth            6
   e - Orb of Destruction             Conjuration                  7
   f - Spellforged Servitor           Conjuration/Summoning        7
 R - a book of Frost

   Spells                             Type                      Level
   a - Freeze                         Ice                          1
   b - Throw Frost                    Conjuration/Ice              2
   c - Ozocubu's Armour               Charms/Ice                   3
   d - Throw Icicle                   Conjuration/Ice              4
   e - Summon Ice Beast               Ice/Summoning                4
Comestibles
 f - 13 rations


   Skills:
 - Level 9.1 Fighting
 - Level 11.8 Axes
 + Level 10.2 Bows
 - Level 9.1 Armour
 - Level 9.1 Shields
 - Level 3.1 Invocations


You had 10 spell levels left.
You didn't know any spells.

Dungeon Overview and Level Annotations

Branches:
Dungeon (11/15)            Temple (1/1) D:6             Orc (0/2) D:10
   Lair: D:8-11

Altars:
Ashenzari
Cheibriados
Dithmenos
Elyvilon
Fedhas
Gozag
Hepliaklqana
Kikubaaqudgha
Makhleb
Nemelex Xobeh
Okawaru
Qazlal
Ru
Trog
Uskayaw
Vehumet
Wu Jian
Xom
Yredelemnul
Zin
The Shining One

Shops:
D:6 (

Annotations:
D:11 Snorg


Innate Abilities, Weirdness & Mutations

You reflexively headbutt those who attack you in melee.
You have a pair of horns on your head.


Message History

Snorg completely misses you. Snorg claws you but does no damage.
Snorg bites you.
* * * LOW HITPOINT WARNING * * *
Snorg claws you but does no damage. Snorg claws you.
* * * LOW HITPOINT WARNING * * *
As you read the scroll of fear, it crumbles to dust.
You assume a fearsome visage.
Snorg misses you. You furiously retaliate!
You headbutt Snorg! Snorg barely misses you. Snorg claws you.
* * * LOW HITPOINT WARNING * * *
You feel much better. Snorg bites you!
* * * LOW HITPOINT WARNING * * *
Snorg claws you but does no damage. Snorg claws you.
* * * LOW HITPOINT WARNING * * *
Snorg closely misses you. Snorg claws you but does no damage.
Snorg closely misses you.
Okay, then.
As you read the scroll labeled ANWO NITSEIPT, it crumbles to dust.
It is a scroll of amnesia.
You feel forgetful for a moment. Snorg completely misses you. Snorg claws you!
You die...

##..# ..
#.## #.
##.# #..
##.##
##(.
##.##
#....
##.##
?..(#
##.##
#.T##.##
#.@.##
#####


You could see Snorg (berserk).

Vanquished Creatures
  Erolcha (D:10)
  A two-headed ogre (D:11)
  An orc knight (Bailey)
  2 cyclopes (D:11)
  A centaur zombie (D:10)
  A komodo dragon (D:10)
  A tengu conjurer (D:11)
  A troll (D:10)
  Grinder (D:5)
  2 hippogriffs (D:7)
  5 yaks (D:9)
  Grum (D:8)
  2 hungry ghosts
  Edmund (D:4)
  8 orc warriors
  A black bear (D:7)
  4 ice beasts
  4 sky beasts
  6 ogres
  A phantom (D:8)
  2 wolves (D:8)
  13 centaurs
  A crocodile (D:10)
  3 big kobolds (D:10)
  4 bullfrogs
  6 gnoll sergeants
  A water moccasin zombie (D:6)
  A wyvern skeleton (D:10)
  6 killer bees (D:10)
  6 howler monkeys
  A crimson imp (D:8)
  4 jellies
  3 bullfrog skeletons
  A bullfrog zombie (D:5)
  4 orc priests
  A centaur skeleton (D:7)
  6 hounds
  7 orc wizards
  Terence (D:3)
  3 iguanas
  3 worker ants
  A worker ant zombie (D:6)
  15 gnolls
  A howler monkey zombie (D:10)
  8 adders
  2 shadow imps
  2 oozes
  An adder zombie (D:9)
  An adder skeleton (D:4)
  4 worms (D:2)
  8 dart slugs
  12 leopard geckos
  31 orcs
  A ball python (D:3)
  9 bats
  6 giant cockroaches
  8 goblins
  10 hobgoblins
  5 jackals
  12 kobolds
  6 quokkas
  A ball python zombie (D:6)
  9 frilled lizards
  A quokka zombie (D:7)
  11 rats
287 creatures vanquished.

Notes
Turn   | Place    | Note
-------+----------+-------------------------------------------
     0 | D:1      | komo4ek the Minotaur Fighter began the quest for the Orb.
     0 | D:1      | Reached XP level 1. HP: 19/19 MP: 0/0
   162 | D:1      | Reached XP level 2. HP: 27/27 MP: 1/1
   225 | D:1      | Reached skill level 3 in Axes
   528 | D:1      | Reached XP level 3. HP: 33/33 MP: 2/2
  1005 | D:2      | Reached XP level 4. HP: 40/40 MP: 3/3
  1022 | D:2      | Found a hazy altar of Hepliaklqana.
  1132 | D:2      | Reached skill level 4 in Axes
  1513 | D:2      | Found a sacrificial altar of Ru.
  1725 | D:3      | Noticed Terence
  1738 | D:3      | Killed Terence
  1738 | D:3      | Reached XP level 5. HP: 27/47 MP: 4/4
  2193 | D:3      | Found a burning altar of Makhleb.
  2424 | D:4      | Noticed Edmund
  2432 | D:4      | Killed Edmund
  2432 | D:4      | Reached skill level 5 in Axes
  2432 | D:4      | Reached XP level 6. HP: 55/55 MP: 5/5
  2640 | D:4      | Found an iron altar of Okawaru.
  2650 | D:4      | Reached skill level 5 in Armour
  2760 | D:4      | Reached skill level 5 in Fighting
  2760 | D:4      | Reached skill level 5 in Shields
  2807 | D:4      | Found a bloodstained altar of Trog.
  3097 | D:5      | Entered Level 5 of the Dungeon
  3204 | D:5      | Reached skill level 6 in Axes
  3312 | D:5      | Noticed a sky beast
  3326 | D:5      | Killed a sky beast
  3326 | D:5      | Reached XP level 7. HP: 42/61 MP: 6/6
  3734 | D:5      | Noticed Grinder
  3738 | D:5      | Paralysed by Grinder for 3 turns
  3770 | D:5      | Killed Grinder
  3985 | D:6      | Reached skill level 7 in Axes
  4071 | D:6      | Found Vinida's Antique Weapon Emporium.
  4083 | D:6      | Reached XP level 8. HP: 65/70 MP: 7/7
  4208 | D:6      | Found a staircase to the Ecumenical Temple.
  4214 | Temple   | Entered the Ecumenical Temple
  4244 | Temple   | Became a worshipper of Cheibriados the Contemplative
  4311 | D:6      | Reached skill level 8 in Axes
  4656 | D:6      | Reached * piety under Cheibriados
  4753 | D:6      | Found a shadowy altar of Dithmenos.
  4844 | D:6      | Reached skill level 9 in Axes
  4919 | D:7      | Reached XP level 9. HP: 69/79 MP: 8/8
  4930 | D:7      | Found a shimmering altar of Xom.
  5115 | D:7      | Reached ** piety under Cheibriados
  5170 | D:7      | Reached skill level 10 in Axes
  5190 | D:7      | Found an ancient bone altar of Kikubaaqudgha.
  5456 | D:7      | Found a sparkling altar of Nemelex Xobeh.
  5456 | D:7      | Found a faded altar of an unknown god.
  5461 | D:7      | Found an ornate altar of the Wu Jian Council.
  5463 | D:7      | Found an opulent altar of Gozag.
  5465 | D:7      | Found a faded altar of an unknown god.
  5714 | D:8      | Noticed Grum
  5724 | D:8      | Reached skill level 1 in Invocations
  5729 | D:8      | Killed Grum
  6089 | D:8      | Found a stormy altar of Qazlal.
  6405 | D:8      | Found a glowing silver altar of Zin.
  6462 | D:9      | Reached skill level 11 in Axes
  6462 | D:9      | Reached XP level 10. HP: 90/90 MP: 10/10
  6467 | D:9      | Found an ancient bone altar of Kikubaaqudgha.
  6641 | D:9      | Found a flagged portal.
  6645 | D:9      | Reached *** piety under Cheibriados
  6651 | Bailey   | Entered a bailey
  6691 | Bailey   | Noticed an orc knight
  6701 | Bailey   | Killed an orc knight
  6720 | Bailey   | Found the +8 storm bow {elec}
  6720 | Bailey   | Found a burning altar of Makhleb.
  7064 | D:10     | Entered Level 10 of the Dungeon
  7691 | D:10     | Reached skill level 1 in Bows
  7770 | D:10     | Reached **** piety under Cheibriados
  7808 | D:10     | Noticed Erolcha
  7816 | D:10     | Killed Erolcha
  7816 | D:10     | Reached skill level 5 in Bows
  8230 | D:10     | Reached XP level 11. HP: 96/97 MP: 12/12
  8245 | D:10     | Reached ***** piety under Cheibriados
  8352 | D:10     | Found a staircase to the Orcish Mines.
  8959 | D:11     | Noticed a two-headed ogre
  8971 | D:11     | Killed a two-headed ogre
  9233 | D:11     | Reached skill level 10 in Bows
  9277 | D:11     | Noticed Snorg
  9286 | D:11     | Slain by Snorg

Skill      XL: |  1  2  3  4  5  6  7  8  9 10 11 |
---------------+----------------------------------+-----
Axes           | 3 4 5 6 7 9 11 | 11.8
Fighting       | 4 5 6 7 8 9 |  9.1
Shields        | 4 5 6 7 8 9 |  9.1
Armour         | 4 5 6 7 8 9 |  9.1
Invocations    | 1 3 |  3.1
Bows           | 6 10 | 10.2

Action                   |  1- 3 |  4- 6 |  7- 9 | 10-12 || total
-------------------------+-------+-------+-------+-------++-------
Melee: War axe           |    79 |   154 |   212 |   184 ||   629
       Headbutt          |    15 |    30 |    48 |    64 ||   157
       Hand axe          |       |    11 |    22 |       ||    33
 Fire: Longbow           |       |       |       |    19 ||    19
Throw: Tomahawk          |       |       |       |    11 ||    11
Evoke: Wand              |       |       |       |     1 ||     1
  Use: Scroll            |       |       |       |    12 ||    12
       Potion            |       |       |       |     7 ||     7
 Stab: Paralysed         |       |       |       |     3 ||     3
  Eat: Chunk             |       |     5 |     4 |       ||     9
       Ration            |       |     1 |     2 |     4 ||     7
Armor: Scale mail        |    12 |       |       |       ||    12
       Chain mail        |    33 |    79 |     2 |       ||   114
       Plate armour      |       |       |   112 |   151 ||   263
Dodge: Dodged            |    23 |    40 |    41 |    82 ||   186
Block: Shield            |    34 |    74 |   145 |   192 ||   445
